General information
- name: Local Game (Sakura[GGL])
- type: Ladder 1vs1/FFA
- host: Sakura[GGL]
- saver: Sakura[GGL]
map: aps\Download\FMLCrux
- players: 11
- length: 54:18
- speed: Fast
- version: 1.24 W3XP
- replay type: Public
» download(532 KB)
Players
team 1 (loser)
Xxesw (
green | 54 APM | 2944 actions | 54:18)
6 Goblin Tinker
3 Pocket Factory
2 Engineering Upgrade
1 Robo-Goblin
4 Pandaren Brewmaster
2 Breath of Fire
2 Drunken Haze
» actions
| Assign group hotkey | 25 | |
| Basic commands | 2 | |
| Build / train | 123 | |
| ESC pressed | 2 | |
| Enter build submenu | 43 | |
| Enter hero's abilities submenu | 10 | |
| Give item / drop item | 5 | |
| Remove unit from queue | 2 | |
| Right click | 1563 | |
| Select / deselect | 580 | |
| Select group hotkey | 378 | |
| Use ability | 211 | |
2944 total
» units
| Wisp | 63 | |
| Archer | 6 | |
| Hippogryph | 6 | |
| Forest Troll Shadow Priest | 1 | |
| Druid of the Talon | 2 | |
| Chimaera | 8 | |
86 total
» upgrades
| Druid of the Talon Training | 2 | |
| Strength of the Wild | 2 | |
| Reinforced Hides | 2 | |
| Corrosive Breath | 1 | |
7 total
» buildings
| Moon Well | 20 | |
| Ancient of War | 1 | |
| Altar of Elders | 2 | |
| Tree of Life | 10 | |
| Tree of Ages | 1 | |
| Ancient of Wind | 6 | |
| Tree of Eternity | 1 | |
| Hunter's Hall | 1 | |
| Chimaera Roost | 6 | |
| Ancient of Wonders | 1 | |
49 total
» build order
00:09 Moon Well
00:23 Ancient of War
00:48 Altar of Elders
01:25 Moon Well
02:41 Tree of Life
03:30 Tree of Ages
05:17 Tree of Life
06:15 Ancient of Wind
06:16 Ancient of Wind
06:19 Tree of Eternity
07:07 Moon Well
08:06 Hunter's Hall
08:12 Moon Well
08:48 Tree of Life
09:03 Chimaera Roost
09:04 Chimaera Roost
10:48 Chimaera Roost
11:17 Moon Well
11:18 Moon Well
12:54 Chimaera Roost
13:06 Ancient of Wonders
13:12 Moon Well
13:13 Moon Well
14:16 Moon Well
14:19 Moon Well
15:50 Moon Well
15:51 Moon Well
17:01 Altar of Elders
17:03 Moon Well
17:08 Ancient of Wind
17:08 Ancient of Wind
17:10 Ancient of Wind
17:10 Ancient of Wind
17:31 Moon Well
17:50 Chimaera Roost
17:52 Chimaera Roost
18:36 Moon Well
18:46 Moon Well
20:21 Tree of Life
20:29 Tree of Life
21:56 Moon Well
22:00 Moon Well
23:17 Tree of Life
24:20 Tree of Life
27:12 Tree of Life
28:41 Moon Well
30:00 Moon Well
30:20 Tree of Life
30:39 Tree of Life
» items
| Scroll of Town Portal | 6 | |
| Potion of Lesser Invulnerability | 3 | |
| Staff of Teleportation | 1 | |
| Staff of Preservation | 1 | |
| Orb of Venom | 1 | |
| Boots of Speed | 1 | |
| Potion of Invisibility | 1 | |
14 total
team 2 (winner)
3wD.SimO (
light-blue | 241 APM | 13095 actions | 54:18)
9 Death Knight
3 Death Coil
3 Unholy Aura
1 Animate Dead
2 Death Pact
8 Lich
3 Frost Nova
3 Frost Armor
1 Death and Decay
1 Dark Ritual
8 Dreadlord
3 Sleep
3 Carrion Swarm
1 Inferno
1 Vampiric Aura
» actions
| Assign group hotkey | 156 | |
| Basic commands | 49 | |
| Build / train | 205 | |
| ESC pressed | 8 | |
| Enter build submenu | 68 | |
| Enter hero's abilities submenu | 25 | |
| Give item / drop item | 6 | |
| Right click | 4304 | |
| Select / deselect | 1499 | |
| Select group hotkey | 6395 | |
| Use ability | 380 | |
13095 total
» units
| Acolyte | 55 | |
| Ghoul | 4 | |
| Crypt Fiend | 11 | |
| Obsidian Statue | 6 | |
| Frost Wyrm | 6 | |
| Gargoyle | 1 | |
| Abomination | 3 | |
| Meatwagon | 1 | |
87 total
» upgrades
| Creature Attack | 3 | |
| Web | 1 | |
| Ghoul Frenzy | 1 | |
| Creature Carapace | 3 | |
| Destroyer Form | 1 | |
| Burrow | 1 | |
| Freezing Breath | 1 | |
| Unholy Strength | 3 | |
| Stone Form | 1 | |
| Disease Cloud | 1 | |
| Banshee Training | 1 | |
17 total
» buildings
| Graveyard | 2 | |
| Crypt | 5 | |
| Ziggurat | 26 | |
| Altar of Darkness | 1 | |
| Tomb of Relics | 3 | |
| Halls of the Dead | 5 | |
| Necropolis | 13 | |
| Black Citadel | 3 | |
| Slaughterhouse | 2 | |
| Sacrificial Pit | 1 | |
| Boneyard | 1 | |
| Nerubian Tower | 14 | |
| Spirit Tower | 8 | |
| Temple of the Damned | 1 | |
85 total
» build order
00:08 Graveyard
00:14 Crypt
00:38 Ziggurat
00:58 Altar of Darkness
01:52 Ziggurat
01:57 Tomb of Relics
03:34 Halls of the Dead
03:34 Halls of the Dead
03:34 Halls of the Dead
04:53 Necropolis
05:21 Ziggurat
06:58 Black Citadel
07:14 Slaughterhouse
07:15 Sacrificial Pit
08:54 Crypt
08:55 Ziggurat
11:22 Ziggurat
11:23 Boneyard
11:25 Crypt
11:27 Necropolis
12:44 Necropolis
13:30 Ziggurat
13:49 Ziggurat
15:44 Necropolis
17:15 Ziggurat
17:16 Ziggurat
17:16 Ziggurat
17:18 Tomb of Relics
17:54 Nerubian Tower
18:35 Ziggurat
18:36 Ziggurat
18:37 Ziggurat
19:30 Nerubian Tower
19:31 Ziggurat
19:32 Ziggurat
19:38 Nerubian Tower
19:40 Spirit Tower
19:43 Ziggurat
20:24 Spirit Tower
20:26 Spirit Tower
20:26 Spirit Tower
24:29 Necropolis
24:46 Nerubian Tower
27:28 Ziggurat
27:30 Ziggurat
27:52 Spirit Tower
27:52 Spirit Tower
27:56 Ziggurat
27:57 Ziggurat
27:59 Necropolis
27:59 Ziggurat
28:01 Ziggurat
28:01 Crypt
28:03 Crypt
28:05 Slaughterhouse
28:38 Nerubian Tower
28:38 Nerubian Tower
30:14 Necropolis
30:20 Graveyard
30:41 Ziggurat
30:41 Ziggurat
31:10 Nerubian Tower
31:12 Nerubian Tower
31:12 Nerubian Tower
32:06 Necropolis
32:07 Necropolis
32:09 Necropolis
32:11 Necropolis
32:33 Nerubian Tower
32:33 Nerubian Tower
32:45 Nerubian Tower
32:46 Spirit Tower
33:42 Necropolis
37:26 Halls of the Dead
37:26 Halls of the Dead
38:35 Necropolis
38:36 Ziggurat
38:36 Ziggurat
40:45 Black Citadel
40:46 Black Citadel
41:04 Nerubian Tower
41:04 Nerubian Tower
41:14 Spirit Tower
52:12 Temple of the Damned
52:13 Tomb of Relics
» items
| Rod of Necromancy | 7 | |
| Potion of Lesser Invulnerability | 5 | |
| Potion of Healing | 2 | |
| Potion of Mana | 1 | |
| Orb of Corruption | 1 | |
| Scroll of Healing | 9 | |
| Boots of Speed | 1 | |
| Scroll of Town Portal | 4 | |
| Periapt of Vitality | 5 | |
| Scroll of Protection | 2 | |
37 total
team 3 (loser)
TranceMan. (
blue | 100 APM | 4954 actions | 49:26)
5 Far Seer
2 Feral Spirit
3 Chain Lighting
3 Tauren Chieftain
2 War Stomp
1 Endurance Aura
4 Shadow Hunter
2 Hex
2 Healing Wave
» actions
| Assign group hotkey | 94 | |
| Basic commands | 47 | |
| Build / train | 152 | |
| ESC pressed | 1 | |
| Enter build submenu | 46 | |
| Enter hero's abilities submenu | 12 | |
| Give item / drop item | 7 | |
| Right click | 2031 | |
| Select / deselect | 732 | |
| Select group hotkey | 1556 | |
| Use ability | 276 | |
4954 total
» units
| Peon | 37 | |
| Grunt | 3 | |
| Wind Rider | 9 | |
| Shaman | 3 | |
| Troll Witch Doctor | 3 | |
| Tauren | 2 | |
| Kodo Beast | 1 | |
| Spirit Walker | 1 | |
| Troll Batrider | 2 | |
| Demolisher | 1 | |
| Raider | 5 | |
67 total
» upgrades
| Armor | 3 | |
| Shaman Training | 2 | |
| Reinforced Defenses | 1 | |
| Ranged Weapons | 3 | |
| Envenomed Spears | 1 | |
| War Drums Damage Increase | 1 | |
| Witch Doctor Training | 2 | |
| Spirit Walker Training | 2 | |
| Burning Oil | 1 | |
| Melee Weapons | 1 | |
| Pulverize | 1 | |
18 total
» buildings
| Altar of Storms | 2 | |
| Orc Burrow | 7 | |
| Barracks | 1 | |
| Voodoo Lounge | 1 | |
| Stronghold | 1 | |
| War Mill | 1 | |
| Great Hall | 14 | |
| Beastiary | 4 | |
| Fortress | 1 | |
| Spirit Lodge | 2 | |
| Watch Tower | 10 | |
| Tauren Totem | 1 | |
45 total
» build order
00:18 Altar of Storms
00:22 Orc Burrow
00:43 Barracks
01:56 Orc Burrow
02:20 Voodoo Lounge
03:26 Stronghold
04:00 Orc Burrow
04:48 War Mill
05:20 Great Hall
05:59 Beastiary
06:41 Orc Burrow
07:31 Fortress
07:36 Spirit Lodge
07:42 Beastiary
08:51 Spirit Lodge
09:46 Orc Burrow
10:12 Great Hall
14:29 Watch Tower
14:31 Watch Tower
15:57 Great Hall
16:28 Tauren Totem
16:33 Orc Burrow
16:36 Orc Burrow
18:07 Great Hall
20:22 Beastiary
20:25 Beastiary
22:02 Watch Tower
22:03 Watch Tower
22:04 Watch Tower
22:07 Watch Tower
24:19 Altar of Storms
27:09 Watch Tower
27:10 Watch Tower
27:13 Watch Tower
27:17 Watch Tower
29:40 Great Hall
31:06 Great Hall
31:10 Great Hall
31:16 Great Hall
31:50 Great Hall
32:01 Great Hall
32:13 Great Hall
39:43 Great Hall
40:43 Great Hall
41:00 Great Hall
» items
| Healing Salve | 6 | |
| Lesser Clarity Potion | 4 | |
| Scroll of Town Portal | 8 | |
| Orb of Lightning | 1 | |
| Potion of Lesser Invulnerability | 2 | |
| Periapt of Vitality | 3 | |
| Scroll of Healing | 1 | |
| Scroll of Protection | 1 | |
| Scroll of Speed | 1 | |
27 total
team 4 (loser)
PiZz. (
red | 150 APM | 8130 actions | 54:17)
7 Archmage
3 Summon Water Elemental
3 Brilliance Aura
1 Mass Teleport
7 Mountain King
3 Storm Bolt
2 Thunder Clap
1 Avatar
1 Bash
7 Paladin
3 Holy Light
3 Divine Shield
1 Resurrection
» actions
| Assign group hotkey | 439 | |
| Basic commands | 329 | |
| Build / train | 220 | |
| ESC pressed | 33 | |
| Enter build submenu | 85 | |
| Enter hero's abilities submenu | 21 | |
| Give item / drop item | 18 | |
| Right click | 3003 | |
| Select / deselect | 1450 | |
| Select group hotkey | 1976 | |
| Use ability | 556 | |
8130 total
» units
| Peasant | 40 | |
| Priest | 7 | |
| Dragonhawk Rider | 6 | |
| Siege Engine | 7 | |
| Spell Breaker | 15 | |
| Mortar Team | 1 | |
| Sorceress | 2 | |
| Flying Machine | 4 | |
| Gryphon Rider | 5 | |
87 total
» upgrades
| Lumber Harvesting | 2 | |
| Priest Training | 3 | |
| Masonry | 3 | |
| Gunpowder | 3 | |
| Plating | 4 | |
| Swords | 3 | |
| Barrage | 1 | |
| Storm Hammers | 1 | |
| Magic Sentry | 1 | |
| Armor | 3 | |
| Fragmentation Shards | 1 | |
| Sorceress Training | 2 | |
| Control Magic | 2 | |
| Cloud | 1 | |
| Animal War Training | 1 | |
| Flare | 1 | |
| Flak Cannons | 1 | |
33 total
» buildings
| Lumber Mill | 1 | |
| Farm | 12 | |
| Scout Tower | 48 | |
| Altar of Kings | 1 | |
| Arcane Tower | 6 | |
| Keep | 4 | |
| Town Hall | 6 | |
| Guard Tower | 31 | |
| Arcane Vault | 3 | |
| Castle | 1 | |
| Arcane Sanctum | 2 | |
| Blacksmith | 1 | |
| Gryphon Aviary | 3 | |
| Workshop | 2 | |
| Cannon Tower | 3 | |
| Barracks | 2 | |
126 total
» build order
00:07 Lumber Mill
00:28 Farm
00:35 Farm
00:37 Scout Tower
01:01 Altar of Kings
01:40 Farm
02:20 Arcane Tower
02:46 Farm
03:16 Keep
03:16 Keep
03:41 Town Hall
04:12 Farm
04:17 Scout Tower
04:51 Guard Tower
04:52 Arcane Vault
05:37 Castle
05:49 Arcane Sanctum
06:28 Blacksmith
07:25 Gryphon Aviary
07:40 Scout Tower
08:19 Guard Tower
08:20 Scout Tower
08:38 Guard Tower
08:38 Arcane Tower
08:40 Scout Tower
08:42 Arcane Vault
08:43 Scout Tower
08:48 Guard Tower
09:05 Town Hall
09:24 Farm
09:26 Guard Tower
09:26 Guard Tower
09:29 Farm
09:56 Town Hall
10:32 Workshop
10:56 Farm
10:57 Scout Tower
12:28 Scout Tower
12:28 Scout Tower
12:32 Scout Tower
12:32 Scout Tower
12:33 Scout Tower
12:33 Scout Tower
12:58 Workshop
13:00 Gryphon Aviary
13:25 Guard Tower
13:29 Cannon Tower
13:42 Guard Tower
13:43 Scout Tower
14:09 Guard Tower
14:10 Guard Tower
14:12 Guard Tower
14:12 Scout Tower
14:16 Guard Tower
14:18 Scout Tower
14:19 Scout Tower
14:31 Guard Tower
14:32 Gryphon Aviary
15:18 Guard Tower
15:20 Scout Tower
15:22 Scout Tower
16:16 Guard Tower
16:17 Scout Tower
16:19 Scout Tower
16:32 Arcane Sanctum
16:33 Arcane Tower
16:46 Guard Tower
17:14 Guard Tower
17:14 Scout Tower
17:18 Guard Tower
17:43 Guard Tower
17:49 Farm
20:26 Scout Tower
21:45 Scout Tower
21:51 Guard Tower
22:17 Barracks
22:24 Arcane Tower
22:25 Guard Tower
22:26 Guard Tower
22:52 Farm
22:53 Farm
22:54 Farm
26:19 Scout Tower
26:20 Scout Tower
26:21 Scout Tower
26:42 Scout Tower
26:43 Scout Tower
26:43 Scout Tower
27:13 Guard Tower
27:20 Scout Tower
27:21 Scout Tower
27:21 Scout Tower
27:21 Scout Tower
27:32 Guard Tower
27:34 Arcane Vault
27:54 Cannon Tower
27:54 Cannon Tower
27:55 Arcane Tower
27:56 Scout Tower
28:16 Town Hall
28:17 Guard Tower
28:21 Town Hall
28:32 Guard Tower
31:55 Scout Tower
32:22 Arcane Tower
32:29 Barracks
33:45 Scout Tower
33:58 Scout Tower
34:00 Scout Tower
34:33 Guard Tower
34:35 Scout Tower
35:21 Guard Tower
35:21 Guard Tower
35:22 Guard Tower
36:43 Scout Tower
36:44 Scout Tower
38:16 Scout Tower
38:16 Guard Tower
47:17 Scout Tower
47:18 Scout Tower
47:18 Scout Tower
51:31 Scout Tower
51:32 Scout Tower
52:09 Keep
52:09 Keep
52:28 Town Hall
» items
| Boots of Speed | 2 | |
| Staff of Teleportation | 1 | |
| Ivory Tower | 5 | |
| Potion of Healing | 2 | |
| Circlet of Nobility | 3 | |
| Periapt of Vitality | 3 | |
| Orb of Fire | 1 | |
| Staff of Sanctuary | 2 | |
| Scroll of Town Portal | 7 | |
| Scroll of Healing | 1 | |
27 total
observersSakura[GGL],
XZshka),
Slythe,
MystikaLsmuRF,
FiRel)rAgOn,
lovetrance,
Aloizo_GG Chat log
(00:02 / Observers) XZshka): so
(00:03 / Observers) XZshka): who
(00:04 / Observers) XZshka): win?)
(00:06 / All) TranceMan.: wow
(00:08 / Observers) Sakura[GGL]: pizz
(00:12 / Observers) XZshka): imho
(00:12 / Observers) XZshka): xoz
(00:13 / All) TranceMan.: monsters are playing with me
(00:16 / All) Xxesw: ha
(00:17 / All) Xxesw: i
(00:24 / Observers) lovetrance: n/c pos by maga
(00:30 / Observers) XZshka): maga
(00:32 / Observers) XZshka): y
(00:33 / Observers) XZshka): )
(00:34 / All) TranceMan.: I meant them two :-P
(00:34 / All) Xxesw: ur better tha nem
(00:37 / Observers) Sakura[GGL]: he gets to tome zues
(00:37 / Observers) Slythe: hm tricky posi for zeus !
(00:40 / Observers) Sakura[GGL]: lucky him
(00:40 / All) Xxesw: yeah thats what i thought
(00:50 / Observers) XZshka): pizz
(00:51 / Observers) XZshka): hm
(00:54 / Observers) XZshka): what he do
(00:56 / Observers) XZshka): alhi?
(00:57 / All) TranceMan.: why do u think I`m better?
(01:01 / All) TranceMan.: I don`t think so
(01:02 / All) Xxesw: cuz u r
(01:03 / Observers) Slythe: dont think so
(01:04 / All) TranceMan.: and btw I`m drunk
(01:06 / All) Xxesw: i suck
(01:07 / All) Xxesw: i know
(01:08 / All) Xxesw: lol
(01:14 / Observers) XZshka): alhi imba
(01:16 / All) 3wD.SimO: I am on 5 beers
(01:19 / Observers) Slythe: ;)
(01:27 / Observers) Slythe: alchi good with hu yeah
(01:31 / All) Xxesw: competing with das ?
(01:31 / Observers) Slythe: but would not call imba
(01:31 / All) Xxesw: 8D
(01:32 / Observers) XZshka): yea
(01:33 / Observers) Slythe: ;)
(01:40 / Observers) XZshka): mb)
(01:46 / All) 3wD.SimO: in bulgarian standards this is not very much
(01:46 / Observers) Slythe: 3 STR hero hard to kill
(01:51 / Observers) XZshka): yea
(01:54 / Observers) XZshka): pala
(01:58 / Observers) XZshka): good heal
(02:00 / Observers) Slythe: but when u have much epxerience with himn,like u ofc he rly good ;)
(02:17 / Observers) Slythe: acid bomb very good vs air and focus(hero arena)
(02:23 / Observers) XZshka): pizz
(02:25 / Observers) XZshka): fast
(02:27 / Observers) XZshka): t2
(02:27 / Observers) XZshka): )
(02:32 / All) TranceMan.: btw I didn`t even play this map
(02:37 / Observers) Slythe: ye seems so
(02:44 / Observers) XZshka): unlucky
(02:45 / Observers) XZshka): maga
(02:49 / Observers) FiRel)rAgOn: yes he did.
(02:53 / Observers) Slythe: doesnt change much
(02:54 / Observers) FiRel)rAgOn: I played it with him lul
(03:03 / Observers) Sakura[GGL]: fucking LIAR
(03:04 / Observers) Sakura[GGL]: IM FUCKING
(03:08 / Observers) Sakura[GGL]: MANIP
(03:11 / Observers) XZshka): oO
(03:17 / Observers) Sakura[GGL]: lol
(03:33 / Observers) XZshka): hm
(03:41 / All) Xxesw: ...
(05:11 / Observers) XZshka): pizz
(05:12 / Observers) XZshka): wanna
(05:15 / Observers) XZshka): do mass tp
(05:23 / Observers) XZshka): this for it
(05:30 / Observers) XZshka): this map*
(06:55 / Observers) MystikaLsmuRF: damn I was afk
(07:01 / Observers) MystikaLsmuRF: did pizz lose his am sniping trolls
(07:02 / Observers) MystikaLsmuRF: ??????!?!?!
(07:26 / Observers) MystikaLsmuRF: DID HE?
(07:29 / Observers) MystikaLsmuRF: CMON NIGGARS SPEAK
(07:35 / Observers) XZshka): yo
(07:35 / Observers) XZshka): !
(07:45 / Observers) MystikaLsmuRF: did pizz lose his am sniping lvl2 trolls
(07:52 / Observers) XZshka): dont
(07:54 / Observers) XZshka): understand
(07:55 / Observers) XZshka): !
(07:57 / Observers) Sakura[GGL]: no
(08:00 / Observers) MystikaLsmuRF: damn it
(09:05 / Observers) MystikaLsmuRF: NOOBELF
(09:12 / Observers) XZshka): proelf
(09:18 / Observers) Slythe: yep
(09:19 / Observers) MystikaLsmuRF: dat shit
(09:25 / Observers) MystikaLsmuRF: doesnt go into the same word or sentence
(09:32 / Observers) MystikaLsmuRF: without a negative adjective
(09:45 / Observers) MystikaLsmuRF: SIR.
(10:05 / All) TranceMan.: blya v icq telka kakaya-to pishet
(10:11 / Observers) MystikaLsmuRF: imba
(10:12 / Observers) MystikaLsmuRF: nooelf
(10:22 / Observers) Slythe: what did he say?
(10:46 / Observers) Sakura[GGL]: he said blah blah blah im a dirty tramp
(11:14 / Observers) MystikaLsmuRF: noobelf ANGRY
(11:17 / Observers) MystikaLsmuRF: NOOBELF CHIPPO
(11:18 / Observers) MystikaLsmuRF: RAWR
(11:19 / Observers) Sakura[GGL]: noone is scouting pizz
(11:22 / Observers) XZshka): :Q
(11:25 / Observers) XZshka): yep
(11:26 / Observers) Slythe: need more lumber
(12:29 / Observers) MystikaLsmuRF: RAPE DAT NIGGA
(13:26 / Observers) MystikaLsmuRF: this MK
(13:30 / Observers) MystikaLsmuRF: thinks he's a blademaster
(13:38 / Observers) XZshka): )
(13:40 / Observers) MystikaLsmuRF: and a dh
(13:41 / Observers) MystikaLsmuRF: all at once
(13:42 / Observers) XZshka): mass circley
(13:56 / All) TranceMan.: maga u know
(13:56 / All) 3wD.SimO: no pls
(13:59 / All) TranceMan.: this is my natural
(14:01 / All) 3wD.SimO: I am surrounded
(14:02 / All) TranceMan.: sry
(14:02 / All) 3wD.SimO: its not
(14:19 / Observers) MystikaLsmuRF: RAPE DAT NIGGA ORC FOR THAT
(14:26 / Observers) MystikaLsmuRF: MAKE EM BLEEEEEEED
(14:28 / Observers) XZshka): orc
(14:31 / Observers) XZshka): need focus hum
(14:38 / Observers) MystikaLsmuRF: cheater tome
(14:43 / Observers) XZshka): yep)
(15:12 / All) TranceMan.: stop hoard ,n?
(15:14 / All) TranceMan.: mb*
(15:29 / Observers) XZshka): nice
(15:34 / All) Xxesw: hit maga
(15:39 / All) PiZz.: blue I stopped
(15:41 / All) 3wD.SimO: they already did
(15:46 / All) Xxesw: so u suicide
(15:48 / All) TranceMan.: ok
(15:56 / All) Xxesw: w7tf
(16:01 / All) Xxesw: this is some dumb shit
(16:03 / Observers) MystikaLsmuRF: NOOBELF ANGRY
(16:43 / Observers) Slythe: ;/
(16:52 / All) Xxesw: this is fucking bullshit
(16:55 / Observers) Slythe: not fungame for zeus
(17:01 / Observers) XZshka): yep
(17:08 / Observers) XZshka): fugame
(17:09 / Observers) XZshka): for
(17:11 / Observers) XZshka): maga)
(17:17 / Observers) Sakura[GGL]: not gonna be
(17:22 / Observers) Slythe: it was lvl4/3 vs 3/1
(17:32 / Observers) Slythe: when first meeting @ creeping
(17:45 / Observers) Slythe: he had all chances
(17:48 / Observers) Slythe: arf ;/
(18:18 / Observers) MystikaLsmuRF: NOOBELF SPOILED
(18:22 / All) PiZz.: blue fight or we get wood
(18:22 / Observers) XZshka): )
(18:31 / All) TranceMan.: wood
(18:35 / All) PiZz.: wood
(19:15 / All) TranceMan.: but u are getting gold on 590
(19:24 / All) TranceMan.: show me ur 80 and we are fine
(19:25 / All) PiZz.: wood or no wood
(19:31 / All) PiZz.: here are the hawks
(19:36 / All) TranceMan.: just show me 80 food
(19:46 / All) TranceMan.: 4 hawks isn`t 80 pop man
(19:51 / All) TranceMan.: ok 6
(19:56 / All) TranceMan.: but it isn`t still 80
(19:57 / All) PiZz.: etc
(19:58 / Observers) Slythe: pizz should get barrack
(20:03 / All) PiZz.: lol
(20:06 / All) TranceMan.: -_- ok
(20:11 / All) PiZz.: ok go agead and punish me for hoarding
(20:15 / Observers) XZshka): they play
(20:16 / Observers) XZshka): game
(20:21 / Observers) XZshka): "show me 80 lim"
(20:22 / Observers) XZshka): ?
(20:31 / Observers) Slythe: ;)
(20:31 / Observers) Sakura[GGL]: 80 food limit
(20:46 / Observers) Slythe: when drunk he should see 50 food as 100 !
(20:57 / Observers) MystikaLsmuRF: I is noob hu who forgot the +150hp upgrade in rax
(21:00 / Observers) Slythe: and not 80 as 50
(21:00 / Observers) XZshka): yea)
(21:02 / Observers) MystikaLsmuRF: CUZ I THINK RAX IS A WASTE
(21:11 / Observers) FiRel)rAgOn: ...
(21:24 / Observers) Sakura[GGL]: because he has lots of griffon and knight
(21:35 / Observers) XZshka): he have havks
(21:42 / Observers) XZshka): 575
(22:01 / Observers) Sakura[GGL]: barracks gold
(22:04 / Observers) Sakura[GGL]: research gold
(22:20 / Observers) Sakura[GGL]: having a faggot builind in your base - priceless
(22:25 / Observers) Sakura[GGL]: building
(22:34 / All) 3wD.SimO: whyt
(22:35 / Observers) Sakura[GGL]: rofl
(22:35 / All) 3wD.SimO: the fuck
(22:42 / Observers) XZshka): )
(22:54 / Observers) MystikaLsmuRF: ANGRY ORC
(23:18 / Observers) XZshka): gogo
(23:24 / Observers) XZshka): feed more und
(23:28 / All) 3wD.SimO: stop attacking me
(23:30 / Observers) Slythe: ye
(23:31 / All) 3wD.SimO: I am surrounded
(23:31 / Observers) Sakura[GGL]: wont matter
(23:34 / All) Xxesw: im dead
(23:36 / Observers) Slythe: could get rly funny
(23:40 / All) 3wD.SimO: he is not
(23:40 / All) TranceMan.: u got zeus
(23:41 / Observers) Slythe: with high lvl ud heros
(23:44 / All) Xxesw: 5 bucks im dead
(23:44 / Observers) Slythe: and mana fountain
(24:07 / Observers) XZshka): lol
(24:09 / Observers) XZshka): sakura
(24:11 / Observers) XZshka): zeus
(24:13 / Observers) XZshka): do
(24:18 / Observers) XZshka): you mession
(24:20 / Observers) Sakura[GGL]: ?
(24:34 / All) Xxesw: go now
(24:43 / All) TranceMan.: can`t
(24:46 / Observers) XZshka): zeus
(24:47 / Observers) XZshka): Do your missionYesterday
(24:50 / Observers) Sakura[GGL]: haha
(24:53 / Observers) XZshka): ))
(24:59 / Observers) Sakura[GGL]: trance is about to feed pizz hard
(25:21 / Observers) Slythe: mass tauren need
(25:21 / Observers) MystikaLsmuRF: GO TINKAR
(25:25 / Observers) Slythe: nooooo
(25:25 / Observers) FiRel)rAgOn: LOL
(25:30 / Observers) XZshka): free exp
(25:30 / Observers) XZshka): !
(25:43 / Observers) Sakura[GGL]: tp out
(25:57 / Observers) MystikaLsmuRF: DA 100 MARK
(27:04 / Observers) Sakura[GGL]: maga needs to stop that
(27:40 / Observers) Slythe: tranceman wrong army ;/
(27:43 / Observers) MystikaLsmuRF: is he
(27:44 / Observers) MystikaLsmuRF: really
(27:44 / Observers) MystikaLsmuRF: yea
(27:45 / Observers) MystikaLsmuRF: LOL
(28:02 / Observers) MystikaLsmuRF: going wyvs vs hawks and tanks
(28:02 / Observers) Sakura[GGL]: mass wyvern vs mass tank hawk good plan
(28:20 / All) Xxesw: k the 7 second cold shit
(28:48 / Observers) XZshka): free
(28:49 / Observers) XZshka): exp
(28:51 / Observers) XZshka): viv
(28:52 / Observers) Sakura[GGL]: what on earth is he doing
(28:53 / Observers) MystikaLsmuRF: 3 food lost
(28:54 / Observers) MystikaLsmuRF: vs
(28:55 / Observers) MystikaLsmuRF: 40 food lost
(29:04 / All) Xxesw: why do you let him gold ?
(29:15 / All) TranceMan.: pizz is killing me
(29:18 / All) TranceMan.: can`t do smtyh
(29:20 / All) Xxesw: meh
(29:21 / All) Xxesw: hurry pizz
(29:28 / Observers) MystikaLsmuRF: LOL
(29:32 / Observers) MystikaLsmuRF: "hurry get rid of dat nigga"
(29:38 / Observers) MystikaLsmuRF: "need backup here"
(29:39 / Observers) Slythe: maga needs to hit pizz quickly
(29:54 / Observers) Sakura[GGL]: LOL
(29:56 / Observers) MystikaLsmuRF: nice use
(29:56 / Observers) MystikaLsmuRF: of bats
(29:57 / Observers) Sakura[GGL]: didnt get one hawk
(30:24 / Observers) MystikaLsmuRF: pizz's heroes are gonna be soon over
(30:26 / Observers) Sakura[GGL]: thats why i wanted a different sub
(30:26 / Observers) MystikaLsmuRF: maga'
(30:28 / Observers) Slythe: #its not easy to be late replacement in qualy game and then drubnk and pizz good player
(30:43 / Observers) Slythe: juust รก bit sasd that pizz will liekly easily win this game
(30:56 / Observers) Slythe: not likely it will get any thrillinbg i suppose
(30:58 / Observers) Sakura[GGL]: woaw
(31:01 / Observers) Sakura[GGL]: pally mk down
(31:15 / Observers) Slythe: i was focusing on my chat
(31:19 / Observers) MystikaLsmuRF: lol
(31:20 / Observers) Slythe: i didnt rly see this
(31:21 / Observers) Slythe: :D
(31:40 / Observers) Slythe: :D
(31:41 / All) TranceMan.: maga, attack pizz
(31:47 / Observers) Slythe: here we go
(31:51 / Observers) Slythe: with a decent game
(31:55 / All) 3wD.SimO: I am
(32:00 / Observers) Slythe: good that i mentioned it *****************************
(32:04 / Observers) XZshka): panda
(32:06 / Observers) XZshka): drink
(32:06 / Observers) XZshka): !
(32:07 / All) TranceMan.: i c u are atatckimg ,e
(32:25 / Observers) Slythe: tinker outpost
(32:26 / Observers) MystikaLsmuRF: he'S like
(32:27 / Observers) MystikaLsmuRF: I SEE IT
(32:30 / Observers) MystikaLsmuRF: I SEE YA NIGS
(32:32 / Observers) Slythe: observing the working scourge
(32:33 / Observers) MystikaLsmuRF: TIS COMING
(32:39 / Observers) Slythe: dropzone
(32:41 / Observers) Slythe: hehe 1^^
(32:42 / Observers) MystikaLsmuRF: hahahaha
(32:43 / Observers) XZshka): lol
(32:48 / Observers) FiRel)rAgOn: TINKER asoo annoying
(32:52 / Observers) MystikaLsmuRF: tinker almost 6
(32:55 / Observers) MystikaLsmuRF: gonna be x100
(32:57 / All) TranceMan.: He is going to me
(32:57 / Observers) MystikaLsmuRF: more annoying
(33:10 / Observers) Slythe: latsats long
(33:12 / All) 3wD.SimO: coming
(33:19 / Observers) Slythe: wish maga woulda stop htuning zeus and going pizz
(33:26 / Observers) Slythe: and zeus just peacufully rebuilt
(33:40 / Observers) XZshka): 800 gold?
(33:41 / Observers) FiRel)rAgOn: how zeus gonna rebuild?
(33:44 / Observers) XZshka): yep
(33:47 / Observers) Slythe: not anymore
(33:51 / Observers) Slythe: 15 mins ago
(33:52 / Observers) XZshka): he can only harras
(34:30 / Observers) MystikaLsmuRF: RUN AWAY TINKAR
(34:38 / Observers) FiRel)rAgOn: STINKAR
(34:39 / All) 3wD.SimO: beyond pathetic
(34:43 / Observers) Sakura[GGL]: last
(34:45 / All) Xxesw: beyond fuck you
(35:04 / Observers) XZshka): 1488
(35:05 / Observers) XZshka): gold
(35:07 / Observers) XZshka): have blue
(35:17 / Observers) Slythe: green panda likes to hide in the woods
(35:19 / Observers) MystikaLsmuRF: angry 100 food again
(35:30 / Observers) Slythe: he using imba camouflage
(35:37 / Observers) Slythe: what the
(35:40 / Observers) MystikaLsmuRF: CAUGHT PLAYING IN DA WOODS
(35:45 / Observers) Slythe: ;)
(36:15 / Observers) FiRel)rAgOn: kick green plz
(36:24 / Observers) MystikaLsmuRF: you can't in LAN
(36:25 / Observers) MystikaLsmuRF: dumb noob
(36:37 / All) 3wD.SimO: kill his well pls
(36:40 / Observers) FiRel)rAgOn: more of a statement than a request fool
(36:48 / Observers) MystikaLsmuRF: umad
(36:49 / Observers) XZshka): omg
(36:50 / Observers) Slythe: hahaha
(36:52 / Observers) FiRel)rAgOn: udumb
(36:56 / Observers) MystikaLsmuRF: unigga
(37:01 / All) TranceMan.: need help
(37:05 / Observers) MystikaLsmuRF: is that your answer to everything
(37:06 / Observers) MystikaLsmuRF: kicking?
(37:06 / All) TranceMan.: now
(37:16 / Observers) XZshka): yea
(37:18 / Observers) XZshka): imva
(37:19 / Observers) XZshka): exp
(37:23 / Observers) Slythe: nice base dfense ^^
(37:25 / Observers) FiRel)rAgOn: what country you from?
(37:33 / All) Xxesw: kill it whoever
(37:44 / Observers) XZshka): :Q
(37:51 / Observers) Slythe: ;)
(37:51 / Observers) Xxesw: ...
(37:53 / Observers) FiRel)rAgOn: Tank barracks omjesus
(37:55 / All) TranceMan.: Haven`t gold gg
(38:01 / All) 3wD.SimO: take the natural expo
(38:02 / Observers) MystikaLsmuRF: pizz wasting so much gold at 100food though
(38:08 / Observers) Xxesw: i almost made maga win
(38:11 / Observers) Xxesw: by wasting him time
(38:12 / All) TranceMan.: can`t ^^
(38:14 / All) 3wD.SimO: there is also 2 o clock
(38:14 / Observers) Slythe: the panda in the woods had something of national geographic
(38:15 / All) 3wD.SimO: I protect
(38:19 / Observers) Slythe: and tinker-dropzone was cool
(38:19 / Observers) MystikaLsmuRF: LOL
(38:20 / Observers) Xxesw: LOL
(38:22 / Observers) Slythe: ur my hero ^^
(38:35 / Observers) Xxesw: man
(38:38 / Observers) Xxesw: screwed big time
(38:41 / Observers) Xxesw: fuck this map
(38:45 / Observers) Slythe: abit sloppy
(38:48 / Observers) Slythe: maga next to u
(38:51 / Observers) FiRel)rAgOn: tinker = asshole hero lol
(38:51 / Observers) Slythe: creepjacking u
(38:52 / Observers) Sakura[GGL]: start death and decaying
(38:54 / Observers) Sakura[GGL]: reds shit
(39:01 / Observers) Slythe: u shoulda went more lumber wearly
(39:05 / Observers) Slythe: and push him with 4 vs2 mines
(39:10 / Observers) Xxesw: looks like i wont go far in the quali
(39:12 / Observers) Slythe: but timewindow missed i guess ;(
(39:17 / Observers) Xxesw: y
(39:29 / Observers) Slythe: u had lvl 4 tinker + lvl 3 pb
(39:34 / Observers) Slythe: vs lvl 3 dk lvl 1 lich
(39:47 / Observers) Xxesw: was too slow on scout + tech
(39:52 / Observers) Xxesw: <_
(39:56 / Observers) Sakura[GGL]: tp
(39:57 / Observers) Sakura[GGL]: dead
(40:04 / Observers) Slythe: :(
(40:09 / Observers) Xxesw: at least pizz will win i hope
(40:20 / Observers) Slythe: i say his chances are 75%
(40:33 / Observers) Xxesw: lol
(40:38 / Observers) Xxesw: quand jai dit a pizz de vnir
(40:39 / Observers) MystikaLsmuRF: its
(40:40 / Observers) Xxesw: i ma dit
(40:42 / Observers) Xxesw: BIN OUI
(40:43 / Observers) Xxesw: UN ORC
(40:45 / Observers) MystikaLsmuRF: gay mass tp
(40:46 / Observers) Slythe: would been even higher if he would not have wasted 10 k gold on towers
(40:47 / Observers) MystikaLsmuRF: LOL OUI
(40:57 / All) TranceMan.: move shade from exe
(41:57 / Observers) XZshka): maga
(42:02 / Observers) MystikaLsmuRF: all tanks n breakers
(42:09 / Observers) MystikaLsmuRF: what a homo
(42:26 / Observers) Sakura[GGL]: surround
(42:28 / Observers) Slythe: :-D
(42:35 / All) TranceMan.: he is at me
(42:46 / Observers) MystikaLsmuRF: poor pally
(42:49 / Observers) XZshka): tt
(42:50 / Observers) MystikaLsmuRF: live my love
(43:01 / Observers) Slythe: respect the authority of a red invul PALLY
(43:12 / Observers) XZshka): yea
(43:14 / Observers) Slythe: GAH
(43:19 / Observers) Sakura[GGL]: DnD
(43:21 / Observers) Slythe: DND
(43:22 / All) TranceMan.: gg ^^
(43:23 / Observers) Xxesw: just leave blue
(43:23 / Observers) Slythe: chant
(43:24 / Observers) Slythe: D
(43:25 / Observers) Slythe: N
(43:26 / Observers) Slythe: D
(43:31 / Observers) Slythe: D-N-D
(43:32 / Observers) Slythe: YAY
(43:46 / Observers) Slythe: :D
(43:47 / Observers) Xxesw: ouch
(43:54 / All) TranceMan.: stop 1 tanmk kill all buildings
(43:55 / Observers) XZshka): wow
(43:56 / Observers) Slythe: pizz loves the choking
(44:02 / Observers) Slythe: wasted land
(44:31 / Observers) Slythe: guess i have to decrease pizz cvhances
(44:43 / Observers) Slythe: lucky me i am not doing bets
(46:01 / Observers) Slythe: tranceman wanna join the observers-crew
(46:07 / Observers) Slythe: u feel some spikes aswell=
(46:19 / Observers) XZshka): trance
(46:20 / Observers) XZshka): man
(46:22 / Observers) XZshka): nline
(46:24 / Observers) XZshka): style
(46:33 / Observers) Sakura[GGL]: dead am
(46:50 / Observers) Slythe: was pizz thinking that this is magas base=
(46:57 / Observers) Sakura[GGL]: no
(47:03 / Observers) Slythe: :)
(47:14 / Observers) MystikaLsmuRF: pizz hasnt been able to play with his 3 heros for the past 15mins so
(47:16 / Observers) MystikaLsmuRF: shit sucks
(47:42 / Observers) Slythe: time for innerfired tanks/griffs
(48:10 / Observers) Sakura[GGL]: that dnd was soo nice
(48:16 / Observers) Xxesw: :/
(48:19 / Observers) Slythe: yessa
(48:19 / Observers) Sakura[GGL]: he got like 12 towers 4 farms
(49:00 / Observers) Sakura[GGL]: hawks suck stop getting them plz
(49:01 / Observers) Slythe: seems pizz lost totally
(49:05 / Observers) Slythe: the gamecontrol
(49:59 / Observers) Sakura[GGL]: he did all that to defeat himself
(50:02 / Observers) Sakura[GGL]: then he leaves
(50:14 / Observers) Slythe: missclick i guess
(50:21 / Observers) MystikaLsmuRF: he saw the game's over
(50:53 / Observers) Sakura[GGL]: he cant cancel pally
(50:54 / Observers) Sakura[GGL]: woot
(51:02 / Observers) Slythe: :P
(51:03 / Observers) FiRel)rAgOn: it feed $$ back
(51:09 / Observers) FiRel)rAgOn: anyways
(51:28 / Observers) Xxesw: maga didnt even go 100
(51:29 / Observers) Xxesw: once
(51:33 / Observers) XZshka): yea
(51:40 / Observers) Sakura[GGL]: yea that impressive
(51:56 / Observers) Xxesw: i hate spawning next to him
(52:00 / Observers) Xxesw: so fucking hate it
(52:19 / Observers) Slythe: better luv it ^^
(52:30 / Observers) Xxesw: was ready to rock sum orc or human
(52:34 / Observers) Xxesw: but i get some surruonded maga
(52:35 / Observers) Xxesw: KK
(52:45 / Observers) Sakura[GGL]: the orc was bad
(52:50 / Observers) Xxesw: and drunk
(52:52 / Observers) Sakura[GGL]: night elf doesnt rock human
(53:01 / Observers) Xxesw: i mean i was ready to rush one
(53:10 / Observers) Sakura[GGL]: pizz did hard tech
(53:15 / Observers) Sakura[GGL]: a nice chim rush over forest
(53:19 / Observers) Sakura[GGL]: would have raped him
(53:20 / Observers) Xxesw: pewpew
(53:37 / Observers) FiRel)rAgOn: forgot inner fire
(54:02 / Observers) Sakura[GGL]: i really wish aca was in game would have been good
(54:06 / Observers) Xxesw: y
(54:15 / All) PiZz.: gg
(54:17 / Observers) FiRel)rAgOn: k say gg